 Dungeon Crawl Stone Soup version 0.17-a0-1701-gf693a3f (webtiles) character file.

21 urechis the Ruffian (level 2, 0/25 (26) HPs)
             Began as a Ghoul Monk on Aug 21, 2015.
             Slain by a kobold (2 damage)
             ... on level 1 of the Dungeon.
             The game lasted 00:01:02 (761 turns).

urechis the Ruffian (Ghoul Monk)                     Turns: 761, Time: 00:01:02

HP:   0/25 (26)     AC:  2    Str: 14    XL:     2   Next: 83%
MP:   1/1           EV: 12    Int:  5    God:
Gold: 23            SH:  0    Dex: 11    Spells: 0 memorised, 1 level left

rFire  . . .     SeeInvis .       - Unarmed
rCold  + . .     Clarity  .     a - +0 robe
rNeg   + + +     SustAt   .     (no shield)
rPois  ∞         Gourm    .     (no helmet)
rElec  .         Spirit   .     (no cloak)
rCorr  .         Warding  .     (no gloves)
rMut   .         Stasis   .     (no boots)
MR     .....                    (no amulet)
Stlth  ++........               (no ring)
                                (no ring)

@: rotting, not resistant to hostile enchantments, unstealthy
A: rotting body, claws 1, carnivore 3, cold resistance 1, negative energy
resistance 3, slow healing 1, torment resistance, unbreathing
a: no special abilities


You were on level 1 of the Dungeon.
You were not hungry.

You visited 1 branch of the dungeon, and saw 1 of its levels.

You collected 23 gold pieces.

Inventory:

Armour
 a - a +0 robe (worn)
Scrolls
 e - a scroll of recharging {unknown}
 g - a scroll of enchant armour {unknown}
 h - a scroll of teleportation {unknown}
Potions
 c - a potion of curing {unknown}
 d - a potion of lignification {unknown}
 i - 2 potions of flight {unknown}
 j - a potion of mutation {unknown}
 k - a potion of heal wounds {unknown}
Comestibles
 b - 2 meat rations
 f - a slice of pizza


   Skills:
 - Level 3.2 Fighting
 - Level 2.6 Dodging
 - Level 2.1 Stealth
 + Level 5.2 Unarmed Combat


You had one spell level left.
You didn't know any spells.

Dungeon Overview and Level Annotations

Branches:
Dungeon (1/15)

Altars:


Innate Abilities, Weirdness & Mutations

Your body is rotting away.
You thrive on raw meat.
You are immune to poison.
You have sharp fingernails.
You are carnivorous and can eat meat at any time.
Your flesh is cold resistant.
You are immune to negative energy.
You heal slowly when monsters are visible.
You are immune to unholy pain and torment.
You can survive without breathing.


Message History

The giant gecko is heavily wounded.
The giant gecko completely misses you.
You claw the giant gecko!
You kill the giant gecko!
You barely miss the goblin. The goblin hits you with a club.
* * * LOW HITPOINT WARNING * * *
You miss the goblin. The goblin barely misses you.
You closely miss the goblin. You miss the goblin.
The goblin hits you with a club.
* * * LOW HITPOINT WARNING * * *
You scratch the goblin.
The goblin is lightly wounded.
The goblin hits you with a club.
* * * LOW HITPOINT WARNING * * *
You scratch the goblin.
You kill the goblin!
You closely miss the kobold. The kobold closely misses you.
You barely miss the kobold. The kobold closely misses you.
You barely miss the kobold. The kobold hits you.
You die...

#### ###########
#...###.........#
##♣.♣...#.#######.#
♣.....♣.#.# #.#
........#.##### #.#
.......♣@.....# #.#
......†K#.###.###.#
.......♣#.........#
....... ###...#####
♣.....♣ #.###
#+♣.♣# #.# ## ...
#.# . ## ♣♣♣♣## #.#
##.##. ....## ##.##


You could see a kobold.

Vanquished Creatures
  2 giant geckos (D:1)
  A bat (D:1)
  2 giant cockroaches (D:1)
  3 goblins (D:1)
  4 hobgoblins (D:1)
  2 giant newts (D:1)
  2 rats (D:1)
16 creatures vanquished.

Notes
Turn   | Place    | Note
--------------------------------------------------------------
     0 | D:1      | urechis the Ghoul Monk began the quest for the Orb.
     0 | D:1      | Reached XP level 1. HP: 19/19 MP: 0/0
   201 | D:1      | Reached XP level 2. HP: 17/26 MP: 1/1
   343 | D:1      | Reached skill level 5 in Unarmed Combat
   761 | D:1      | Slain by a kobold

Vault maps used:
D:1:      minmay_arrival_four_loops, serial_forest,
          infiniplex_forest_lined_ring, infiniplex_forest_straight_3,
          infiniplex_forest_3_way, infiniplex_forest_clump_medium,
          infiniplex_forest_corner_2, infiniplex_forest_straight_2,
          infiniplex_forest_pool, st_stairs_14, hangedman_decor_opposing,
          due_unseen_surprise

Action                   || total
-------------------------++-------
Melee: Unarmed           ||    58
 Stab: Sleeping          ||     2
  Eat: Chunk             ||     2
